A
MOOSE JAW MOOSE @ ROCKVILLE REDHAWKS
04/15/2060
 
TOP OF THE 1ST
Moose Jaw Moose batting - Pitching for Cienfuegos Palmettos : RHP Josiah Elliott
Pitching: RHP Josiah Elliott
Batting: RHB Henry Manginelli 0-0: Ball
1-0: Swinging Strike
1-1: Called Strike
1-2: Strikes out swinging
Batting: LHB Logan Laughlin 0-0: Ball
1-0: Called Strike
1-1: Ball
2-1: Ball
3-1: Called Strike
3-2: Base on Balls
Batting: RHB Kyle Leonard 0-0: Ball
Logan Laughlin is caught stealing 2nd base 2-4
1-0: Ground out 5-3 (Groundball, 5L, EV 102.5 MPH)
Top of the 1st over - 0 runs, 0 hits, 0 errors, 0 left on base; Moose Jaw 0 - Cienfuegos 0
BOTTOM OF THE 1ST
Cienfuegos Palmettos batting - Pitching for Moose Jaw Moose : RHP Johnathan Whitlock
Pitching: RHP Johnathan Whitlock
Batting: SHB Benny Adcox 0-0: Called Strike
0-1: Ball
1-1: Ball
2-1: Ground out 3-1 (Groundball, 34, EV 96.9 MPH)
Batting: SHB Caris Cerdeira 0-0: Called Strike
0-1: Ball
1-1: Ball
2-1: Ball
3-1: Foul Ball, location: 2F
3-2: Fly out, F7 (Flyball, 7S, EV 83.1 MPH)
Batting: RHB Allen Zuber 0-0: Foul Ball, location: 2F
0-1: Called Strike
0-2: Strikes out looking
Bottom of the 1st over - 0 runs, 0 hits, 0 errors, 0 left on base; Moose Jaw 0 - Cienfuegos 0
TOP OF THE 2ND
Moose Jaw Moose batting - Pitching for Cienfuegos Palmettos : RHP Josiah Elliott
Batting: SHB Jaylin Godsey 0-0: Called Strike
0-1: Swinging Strike
0-2: Ball
1-2: Strikes out swinging
Batting: RHB Nickolas Keyes 0-0: Ball
1-0: Ball
2-0: Ball
3-0: Called Strike
3-1: Foul Ball, location: 2F
3-2: Foul Ball, location: 2F
3-2: Strikes out looking
Batting: SHB Max Gilbert 0-0: Ground out 6-3 (Groundball, 6, EV 86.2 MPH)
Top of the 2nd over - 0 runs, 0 hits, 0 errors, 0 left on base; Moose Jaw 0 - Cienfuegos 0
BOTTOM OF THE 2ND
Cienfuegos Palmettos batting - Pitching for Moose Jaw Moose : RHP Johnathan Whitlock
Batting: LHB Reed Allen 0-0: Ball
1-0: Fly out, F8 (Line Drive, 8LD, EV 96.2 MPH)
Batting: RHB Benjamin Small 0-0: Called Strike
0-1: Ball
1-1: Called Strike
1-2: Ball
2-2: Foul Ball, location: 2F
2-2: Strikes out swinging
Batting: RHB Max Gibbons 0-0: Ball
1-0: Ball
2-0: Called Strike
2-1: Ball
3-1: Base on Balls
Batting: RHB Colton Weirick 0-0: Ball
1-0: Called Strike
1-1: Ball
2-1: Ball
3-1: Base on Balls
Max Gibbons to second
Batting: RHB Jacolby Waleenstedt 0-0: Ball
1-0: Ball
2-0: Called Strike
2-1: Ball
3-1: Foul Ball, location: 2F
3-2: Foul Ball, location: 2F
3-2: Foul Ball, location: 2F
3-2: Foul Ball, location: 2F
3-2: Fly out, F7 (Flyball, 7LSF, EV 91.9 MPH)
Bottom of the 2nd over - 0 runs, 0 hits, 0 errors, 2 left on base; Moose Jaw 0 - Cienfuegos 0
TOP OF THE 3RD
Moose Jaw Moose batting - Pitching for Cienfuegos Palmettos : RHP Josiah Elliott
Batting: RHB Zeffross Tomita 0-0: Ball
1-0: Reached on error, E2 (Groundball, 2L, EV 43.8 MPH)
Batting: RHB Joseph Carson 0-0: Ball
1-0: Swinging Strike
1-1: Called Strike
1-2: Foul Ball, location: 2F
1-2: Foul Ball, location: 2F
1-2: Ball
2-2: SINGLE (Groundball, 56D, EV 95.6 MPH)
Zeffross Tomita to third
Batting: RHB Owen Conrad 0-0: Called Strike
0-1: Grounds into double play, 4-6-3 (Groundball, 4M, EV 88.1 MPH)
Zeffross Tomita scores
Batting: RHB Henry Manginelli 0-0: Ball
1-0: Called Strike
1-1: Ground out 2-3 (Groundball, 2L, EV 72.5 MPH)
Top of the 3rd over - 1 run, 1 hit, 1 error, 0 left on base; Moose Jaw 1 - Cienfuegos 0
BOTTOM OF THE 3RD
Cienfuegos Palmettos batting - Pitching for Moose Jaw Moose : RHP Johnathan Whitlock
Batting: RHB C.J. Adams 0-0: Foul Ball, location: 2F
0-1: Ball
1-1: Foul Ball, location: 2F
1-2: Foul Ball, location: 2F
1-2: Strikes out swinging
Batting: SHB Benny Adcox 0-0: Ball
1-0: Ball
2-0: Called Strike
2-1: Ball
3-1: SINGLE (Flyball, 89S, EV 91.2 MPH)
Batting: SHB Caris Cerdeira 0-0: Ball
1-0: Ball
2-0: Ball
Benny Adcox is caught stealing 2nd base 2-6
3-0: Called Strike
3-1: Foul Ball, location: 2F
3-2: Ground out 6-3 (Groundball, 6M, EV 88.8 MPH)
Bottom of the 3rd over - 0 runs, 1 hit, 0 errors, 0 left on base; Moose Jaw 1 - Cienfuegos 0
TOP OF THE 4TH
Moose Jaw Moose batting - Pitching for Cienfuegos Palmettos : RHP Josiah Elliott
Batting: LHB Logan Laughlin 0-0: Ball
1-0: Foul Ball, location: 2F
1-1: Called Strike
1-2: Ball
2-2: Foul Ball, location: 2F
2-2: Foul Ball, location: 2F
2-2: SINGLE (Groundball, 4MD, EV 109.4 MPH)
Batting: RHB Kyle Leonard 0-0: Called Strike
0-1: Foul Ball, location: 2F
0-2: Ball
1-2: Ball
2-2: Foul Ball, location: 2F
2-2: Ball
3-2: Base on Balls
Logan Laughlin to second
Batting: SHB Jaylin Godsey 0-0: Foul Ball, location: 2F
0-1: Called Strike
0-2: Foul Ball, location: 2F
0-2: Ball
1-2: Fly out, F8 (Flyball, 8RM, EV 82.5 MPH)
Batting: RHB Nickolas Keyes 0-0: Called Strike
0-1: Fly out, F9 (Flyball, 9S, EV 85.0 MPH)
Batting: SHB Max Gilbert 0-0: Called Strike
0-1: Foul Ball, location: 2F
0-2: Foul Ball, location: 2F
0-2: Ball
1-2: SINGLE (Groundball, 34D, EV 95.0 MPH)
Logan Laughlin to third
Kyle Leonard to second
Runner from 3rd tries for Home, SAFE, throw by RF to home
Batting: RHB Zeffross Tomita 0-0: Called Strike
0-1: Ball
1-1: Ground out U3 (Groundball, 34S, EV 82.5 MPH)
Top of the 4th over - 1 run, 2 hits, 0 errors, 2 left on base; Moose Jaw 2 - Cienfuegos 0
BOTTOM OF THE 4TH
Cienfuegos Palmettos batting - Pitching for Moose Jaw Moose : RHP Johnathan Whitlock
Batting: RHB Allen Zuber 0-0: Ball
1-0: Fly out, F7 (Flyball, 78S, EV 77.5 MPH)
Batting: LHB Reed Allen 0-0: Called Strike
0-1: Swinging Strike
0-2: Ball
1-2: Foul Ball, location: 2F
1-2: Ground out U3 (Groundball, 3, EV 90.6 MPH)
Batting: RHB Benjamin Small 0-0: Ground out 5-3 (Groundball, 56S, EV 88.8 MPH)
Bottom of the 4th over - 0 runs, 0 hits, 0 errors, 0 left on base; Moose Jaw 2 - Cienfuegos 0
TOP OF THE 5TH
Moose Jaw Moose batting - Pitching for Cienfuegos Palmettos : RHP Josiah Elliott
Batting: RHB Joseph Carson 0-0: Foul Ball, location: 2F
0-1: Ball
1-1: Swinging Strike
1-2: Foul Ball, location: 2F
1-2: Foul Ball, location: 2F
1-2: Strikes out looking
Batting: RHB Owen Conrad 0-0: Foul Ball, location: 2F
0-1: Ball
1-1: Foul Ball, location: 2F
1-2: Ball
2-2: Strikes out swinging
Batting: RHB Henry Manginelli 0-0: Ball
1-0: Foul Ball, location: 2F
1-1: Foul Ball, location: 2F
1-2: Strikes out swinging
Top of the 5th over - 0 runs, 0 hits, 0 errors, 0 left on base; Moose Jaw 2 - Cienfuegos 0
BOTTOM OF THE 5TH
Cienfuegos Palmettos batting - Pitching for Moose Jaw Moose : RHP Johnathan Whitlock
Batting: RHB Max Gibbons 0-0: Called Strike
0-1: Foul Ball, location: 2F
0-2: Strikes out swinging
Batting: RHB Colton Weirick 0-0: Ball
1-0: Ball
2-0: Foul Ball, location: 2F
2-1: Ball
3-1: Ground out 6-3 (Groundball, 6, EV 101.9 MPH)
Batting: RHB Jacolby Waleenstedt 0-0: Ball
1-0: Swinging Strike
1-1: Ball
2-1: Foul Ball, location: 2F
2-2: Ball
3-2: SINGLE (Flyball, 78S, EV 93.8 MPH)
Batting: RHB C.J. Adams 0-0: Ball
1-0: Called Strike
1-1: Ball
2-1: Foul Ball, location: 2F
2-2: Foul Ball, location: 2F
2-2: Ball
3-2: Base on Balls
Jacolby Waleenstedt to second
Pitching: RHP Gavin Armstrong
Batting: SHB Benny Adcox 0-0: Ball
Wild Pitch!
Jacolby Waleenstedt to third
C.J. Adams to second
1-0: SINGLE (Groundball, 4MD, EV 104.4 MPH) (infield hit)
Jacolby Waleenstedt scores
C.J. Adams to third
Batting: SHB Caris Cerdeira 0-0: Ball
1-0: Ball
2-0: Called Strike
2-1: DOUBLE (Line Drive, 89D, EV 109.4 MPH)
C.J. Adams scores
Benny Adcox to third
Runner from 3rd tries for Home, SAFE, throw by CF to trailing runner, SAFE at third!
Batting: RHB Allen Zuber 0-0: Ball
1-0: Foul Ball, location: 2F
1-1: Foul Ball, location: 2F
1-2: DOUBLE (Flyball, 8LXD, EV 106.9 MPH)
Caris Cerdeira scores
Batting: LHB Reed Allen 0-0: Called Strike
0-1: Called Strike
0-2: Foul Ball, location: 2F
0-2: Ball
1-2: Ball
2-2: Ball
3-2: Base on Balls
Batting: RHB Benjamin Small 0-0: Foul Ball, location: 2F
0-1: Foul Ball, location: 2F
0-2: Ball
1-2: Strikes out swinging
Bottom of the 5th over - 4 runs, 4 hits, 0 errors, 2 left on base; Moose Jaw 2 - Cienfuegos 4
TOP OF THE 6TH
Moose Jaw Moose batting - Pitching for Cienfuegos Palmettos : RHP Josiah Elliott
Batting: LHB Logan Laughlin 0-0: Swinging Strike
0-1: Foul Ball, location: 2F
0-2: Ball
1-2: Ball
2-2: SOLO HOME RUN (Flyball, 9D, EV 103.1 MPH), Distance : 399 ft
Batting: RHB Kyle Leonard 0-0: Swinging Strike
0-1: Ball
1-1: Foul Ball, location: 2F
1-2: Foul Ball, location: 2F
1-2: Strikes out swinging
Batting: SHB Jaylin Godsey 0-0: Ball
1-0: Ball
2-0: Ball
3-0: Base on Balls
Pitching: RHP Tristen Jenkins
Batting: RHB Nickolas Keyes 0-0: Ball
1-0: Foul Ball, location: 2F
1-1: Fly out, F7 (Flyball, 78M, EV 89.4 MPH)
Batting: SHB Max Gilbert 0-0: Ball
1-0: Ball
2-0: Foul Ball, location: 2F
2-1: Ball
3-1: Base on Balls
Jaylin Godsey to second
Batting: RHB Zeffross Tomita 0-0: Called Strike
0-1: Foul Ball, location: 2F
0-2: Strikes out swinging
Top of the 6th over - 1 run, 1 hit, 0 errors, 2 left on base; Moose Jaw 3 - Cienfuegos 4
BOTTOM OF THE 6TH
Cienfuegos Palmettos batting - Pitching for Moose Jaw Moose : RHP Gavin Armstrong
Batting: RHB Max Gibbons 0-0: Foul Ball, location: 2F
0-1: Ball
1-1: Called Strike
1-2: SINGLE (Groundball, 6S, EV 63.8 MPH) (infield hit)
Batting: RHB Colton Weirick 0-0: Ball
1-0: SINGLE (Groundball, 56D, EV 102.5 MPH)
Max Gibbons to second
Batting: RHB Jacolby Waleenstedt 0-0: Bunted foul
0-1: Bunted foul
0-2: Ball
1-2: Fielders Choice at 2nd, 6-4 (Groundball, 6, EV 85.6 MPH)
Max Gibbons to third
Batting: RHB C.J. Adams 0-0: Called Strike
0-1: Grounds into double play, 4-6-3 (Groundball, 34, EV 111.9 MPH)
Bottom of the 6th over - 0 runs, 2 hits, 0 errors, 1 left on base; Moose Jaw 3 - Cienfuegos 4
TOP OF THE 7TH
Moose Jaw Moose batting - Pitching for Cienfuegos Palmettos : RHP Tristen Jenkins
Batting: RHB Joseph Carson 0-0: Fly out, F8 (Flyball, 89D, EV 88.1 MPH)
Batting: RHB Owen Conrad 0-0: Ball
1-0: Fly out, F5 (Line Drive, 5L, EV 73.8 MPH)
Batting: RHB Henry Manginelli 0-0: Ball
1-0: Ball
2-0: Ground out 6-3 (Groundball, 6, EV 87.5 MPH)
Top of the 7th over - 0 runs, 0 hits, 0 errors, 0 left on base; Moose Jaw 3 - Cienfuegos 4
BOTTOM OF THE 7TH
Cienfuegos Palmettos batting - Pitching for Moose Jaw Moose : RHP Gavin Armstrong
Batting: SHB Benny Adcox 0-0: Ball
1-0: Ball
2-0: Ball
3-0: Base on Balls
Batting: SHB Caris Cerdeira 0-0: Bunt - Flyout to 3S! F3
Batting: RHB Allen Zuber 0-0: Called Strike
Benny Adcox steals 2nd base
0-1: Swinging Strike
0-2: Strikes out swinging
Batting: LHB Reed Allen 0-0: Ball
1-0: Ground out U3 (Groundball, 34, EV 98.8 MPH)
Bottom of the 7th over - 0 runs, 0 hits, 0 errors, 1 left on base; Moose Jaw 3 - Cienfuegos 4
TOP OF THE 8TH
Moose Jaw Moose batting - Pitching for Cienfuegos Palmettos : RHP Tristen Jenkins
Batting: LHB Logan Laughlin 0-0: Called Strike
0-1: Foul Ball, location: 2F
0-2: Ball
1-2: Ball
2-2: Ball
3-2: Base on Balls
Pitching: RHP Kyden Nasution
Batting: RHB Kyle Leonard 0-0: Grounds into double play, 6-4-3 (Groundball, 56, EV 86.9 MPH)
Batting: SHB Jaylin Godsey 0-0: Called Strike
0-1: Foul Ball, location: 2F
0-2: Strikes out swinging
Top of the 8th over - 0 runs, 0 hits, 0 errors, 0 left on base; Moose Jaw 3 - Cienfuegos 4
BOTTOM OF THE 8TH
Cienfuegos Palmettos batting - Pitching for Moose Jaw Moose : RHP Gavin Armstrong
Batting: RHB Benjamin Small 0-0: Called Strike
0-1: Called Strike
0-2: Strikes out swinging
Batting: RHB Max Gibbons 0-0: Ball
1-0: Foul Ball, location: 2F
1-1: Ground out 5-3 (Groundball, 56, EV 106.2 MPH)
Batting: RHB Colton Weirick 0-0: Ground out 6-3 (Groundball, 6, EV 106.9 MPH)
Bottom of the 8th over - 0 runs, 0 hits, 0 errors, 0 left on base; Moose Jaw 3 - Cienfuegos 4
TOP OF THE 9TH
Moose Jaw Moose batting - Pitching for Cienfuegos Palmettos : RHP Kyden Nasution
Pitching: RHP Jim Rowlett
Now at 3B: Lucas Murray
Now at SS: Darren McGrady
Now in RF: Jacolby Waleenstedt
Batting: RHB Nickolas Keyes 0-0: Ball
1-0: Foul Ball, location: 2F
1-1: Ground out 6-3 (Groundball, 56S, EV 85.0 MPH)
Batting: SHB Max Gilbert 0-0: Fly out, F8 (Flyball, 89M, EV 86.9 MPH)
Batting: RHB Zeffross Tomita 0-0: Ball
1-0: Ground out U3 (Groundball, 3, EV 86.9 MPH)
Top of the 9th over - 0 runs, 0 hits, 0 errors, 0 left on base; Moose Jaw 3 - Cienfuegos 4
Saturday, April 27th , 2024 - OOTP Baseball 23.10 Build 110